Workbook
Name Print_Area_0: 'MEDIÇÃO 7'!$A$1:$N$213
Name Print_Area_0_0: 'MEDIÇÃO 7'!$A$1:$N$214
Name Print_Area_0_0_0: 'MEDIÇÃO 7'!$A$1:$N$212
Name Print_Area_0_0_0_0: 'MEDIÇÃO 7'!$A$1:$N$210
Name Print_Area_0_0_0_0: 'MEMO CALCULO 07'!$A$1:$E$200
Name Print_Area_0_0_0_0_0: 'MEDIÇÃO 7'!$A$13:$N$212
Name Print_Area_0_0_0_0_0_0: 'MEDIÇÃO 7'!$A$13:$N$209

Sheet MEDIÇÃO 7
A1: PREFEITURA MUNICIPAL DE SO ROQUE DO CANA Estado do Esprito Santo SECRETARIA MUNICIPAL DE OBRAS E SERVIÇOS URBANOS – SETOR DE ENGENHARIA
A13: BOLETIM DE | E13: =I18 -> MEDIÇÃO 07 | K13: DATA: 01/12/2025
A14: OBRA: CONSTRUÇÃO DE UM CENTRO DE CONVIVÊNCIA E FORTALECIMENTO DE VÍNCULOS | D14: CONTRATO Nº: | F14: 037/2025 | H14: Assinatura: 24/03/2025 | K14: INÍCIO: | M14: 45747
K15: TÉRMINO: | M15: 45987
A16: LOCAL: DISTRITO DE SÃO JACINTO, SÃO ROQUE DO CANAÃ-ES | D16: PERÍODO: | F16: 45933 | H16: a | I16: 45957 | K16: PRAZO: | M16: 240 DIAS
A17: EMPREITEIRA: DELFIN CONSTRUTORA LTDA | F17: =I18 -> MEDIÇÃO 07 | I17: =L202 -> 107507.45 | K17: % MÊS: | L17: =H202 -> 0.12662833 | M17: % ACUM: | N17: =H203 -> 0.57979989
A18: ITEM | B18: ESPECIFICAÇÃO | C18: UNID. | D18: QUANT. | E18: PREÇO UNIT R$ | F18: ACUMULADO ANTERIOR | I18: MEDIÇÃO 07 | L18: TOTAL MEDIDO
F19: QUANT. | G19: TOTAL | H19: % | I19: QUANT. | J19: TOTAL | K19: % | L19: QUANT. | M19: TOTAL | N19: %
A20: 1 | B20: INSTALAÇÃO DO CANTEIRO DE OBRAS | J20: =SUM(J21:J23) -> 0 | M20: =SUM(M21:M23) -> 22521.215
A21: 1.1 | B21: Placa de obra nas dimensões de 2.0 x 4.0 m, padrão der | C21: m2 | D21: 8 | E21: 371.19907 | F21: 8 | G21: =F21*E21 -> 2969.5925 | H21: =F21/D21 -> 1 | I21: =IFERROR(VLOOKUP(A21,'MEMO CALCULO 07'!$B$8:$E$202,4,0),0) -> 0 | J21: =I21*E21 -> 0 | K21: =I21/D21 -> 0 | L21: =F21+I21 -> 8 | M21: =G21+J21 -> 2969.5925 | N21: =H21+K21 -> 1
A22: 1.2 | B22: Barracão para almoxarifado área de 10.90m2, de chapa de compensado de 12mm e pontalete 8x8cm, piso cimentado e cobertura de telhas de fibrocimento de 6mm, incl. Ponto de luz, conf. Projeto (1 utilização) | C22: m2 | D22: 10.9 | E22: 688.29704 | F22: 10.9 | G22: =F22*E22 -> 7502.4377 | H22: =F22/D22 -> 1 | I22: =IFERROR(VLOOKUP(A22,'MEMO CALCULO 07'!$B$8:$E$202,4,0),0) -> 0 | J22: =I22*E22 -> 0 | K22: =I22/D22 -> 0 | L22: =F22+I22 -> 10.9 | M22: =G22+J22 -> 7502.4377 | N22: =H22+K22 -> 1
A23: 1.3 | B23: Tapume telha metálica ondulada em aço galvalume 0,50mm branca h=2,20m, incl. Montagem estr. Mad. 8"x8", c/adesivo "der-es" 60x60cm a cada 10m, incl. Faixas pint. Esmalte sint. Cores azul c/ h=30cm e rosa c/ h=10cm (reaproveitamento 2x) | C23: m | D23: 78 | E23: 154.47673 | F23: 78 | G23: =F23*E23 -> 12049.185 | H23: =F23/D23 -> 1 | I23: =IFERROR(VLOOKUP(A23,'MEMO CALCULO 07'!$B$8:$E$202,4,0),0) -> 0 | J23: =I23*E23 -> 0 | K23: =I23/D23 -> 0 | L23: =F23+I23 -> 78 | M23: =G23+J23 -> 12049.185 | N23: =H23+K23 -> 1
A24: 2 | B24: SERVIÇOS PRELIMINARES | J24: =SUM(J25) -> 0 | M24: =SUM(M25) -> 2647.9789
A25: 2.1 | B25: Locação de obra com gabarito de madeira | C25: m2 | D25: 223.46 | E25: 11.849901 | F25: 223.46 | G25: =F25*E25 -> 2647.9789 | H25: =F25/D25 -> 1 | I25: =IFERROR(VLOOKUP(A25,'MEMO CALCULO 07'!$B$8:$E$202,4,0),0) -> 0 | J25: =I25*E25 -> 0 | K25: =I25/D25 -> 0 | L25: =F25+I25 -> 223.46 | M25: =G25+J25 -> 2647.9789 | N25: =H25+K25 -> 1
A26: 3 | B26: MOVIMENTAÇÃO DE TERRA | J26: =SUM(J27:J29) -> 2647.9527 | M26: =SUM(M27:M29) -> 7266.9623
A27: 3.1 | B27: Escavação manual em material de 1a. Categoria, até 1.50 m de profundidade | C27: m3 | D27: 46.46 | E27: 61.719763 | F27: 42.61825 | G27: =F27*E27 -> 2630.3883 | H27: =F27/D27 -> 0.91731059 | I27: =IFERROR(VLOOKUP(A27,'MEMO CALCULO 07'!$B$8:$E$202,4,0),0) -> 0 | J27: =I27*E27 -> 0 | K27: =I27/D27 -> 0 | L27: =F27+I27 -> 42.61825 | M27: =G27+J27 -> 2630.3883 | N27: =H27+K27 -> 0.91731059
A28: 3.2 | B28: Reaterro apiloado de cavas de fundação, em camadas de 20 cm | C28: m3 | D28: 33.05 | E28: 66.464615 | F28: 29.92 | G28: =F28*E28 -> 1988.6213 | H28: =F28/D28 -> 0.90529501 | I28: =IFERROR(VLOOKUP(A28,'MEMO CALCULO 07'!$B$8:$E$202,4,0),0) -> 0 | J28: =I28*E28 -> 0 | K28: =I28/D28 -> 0 | L28: =F28+I28 -> 29.92 | M28: =G28+J28 -> 1988.6213 | N28: =H28+K28 -> 0.90529501
A29: 3.3 | B29: Aterro com areia em áreas de calçada, inclusive fornecimento e adensamento | C29: m3 | D29: 13.4 | E29: 197.60841 | F29: 0 | G29: =F29*E29 -> 0 | H29: =F29/D29 -> 0 | I29: =IFERROR(VLOOKUP(A29,'MEMO CALCULO 07'!$B$8:$E$202,4,0),0) -> 13.4 | J29: =I29*E29 -> 2647.9527 | K29: =I29/D29 -> 1 | L29: =F29+I29 -> 13.4 | M29: =G29+J29 -> 2647.9527 | N29: =H29+K29 -> 1
A30: 4 | B30: INFRAESTRUTURA | J30: =SUM(J31:J37) -> 0 | M30: =SUM(M31:M37) -> 51378.598
A31: 4.1 | B31: Fornecimento, preparo e aplicação de concreto magro com consumo mínimo de cimento de 250 kg/m3 (brita 1 e 2) - (5% de perdas já incluído no custo) | C31: m3 | D31: 2.1 | E31: 742.09241 | F31: 1.994 | G31: =F31*E31 -> 1479.7323 | H31: =F31/D31 -> 0.94952381 | I31: =IFERROR(VLOOKUP(A31,'MEMO CALCULO 07'!$B$8:$E$202,4,0),0) -> 0 | J31: =I31*E31 -> 0 | K31: =I31/D31 -> 0 | L31: =F31+I31 -> 1.994 | M31: =G31+J31 -> 1479.7323 | N31: =H31+K31 -> 0.94952381
A32: 4.2 | B32: Fornecimento, preparo e aplicação de concreto fck=20 mpa (brita 1 e 2) - (5% de perdas já incluído no custo) | C32: m3 | D32: 14.41 | E32: 791.70546 | F32: 13.41 | G32: =F32*E32 -> 10616.77 | H32: =F32/D32 -> 0.93060375 | I32: =IFERROR(VLOOKUP(A32,'MEMO CALCULO 07'!$B$8:$E$202,4,0),0) -> 0 | J32: =I32*E32 -> 0 | K32: =I32/D32 -> 0 | L32: =F32+I32 -> 13.41 | M32: =G32+J32 -> 10616.77 | N32: =H32+K32 -> 0.93060375
A33: 4.3 | B33: Fôrma de chapa compensada resinada 12mm, levando-se em conta a utilização 3 vezes (incluido o material, corte, montagem, escoramento e desfôrma) | C33: m2 | D33: 133.88 | E33: 93.405102 | F33: 133.88 | G33: =F33*E33 -> 12505.075 | H33: =F33/D33 -> 1 | I33: =IFERROR(VLOOKUP(A33,'MEMO CALCULO 07'!$B$8:$E$202,4,0),0) -> 0 | J33: =I33*E33 -> 0 | K33: =I33/D33 -> 0 | L33: =F33+I33 -> 133.88 | M33: =G33+J33 -> 12505.075 | N33: =H33+K33 -> 1
A34: 4.4 | B34: Fornecimento, preparo e aplicação de concreto fck=25 mpa (brita 1 e 2) - (5% de perdas já incluído no custo) | C34: m3 | D34: 13.8 | E34: 818.40137 | F34: 12.84725 | G34: =F34*E34 -> 10514.207 | H34: =F34/D34 -> 0.93096014 | I34: =IFERROR(VLOOKUP(A34,'MEMO CALCULO 07'!$B$8:$E$202,4,0),0) -> 0 | J34: =I34*E34 -> 0 | K34: =I34/D34 -> 0 | L34: =F34+I34 -> 12.84725 | M34: =G34+J34 -> 10514.207 | N34: =H34+K34 -> 0.93096014
A35: 4.5 | B35: Fornecimento, dobragem e colocação em fôrma, de armadura ca-60 b fina, diâmetro de 4.0 a 7.0mm | C35: kg | D35: 545.35 | E35: 12.498038 | F35: 431.41267 | G35: =F35*E35 -> 5391.8119 | H35: =F35/D35 -> 0.79107484 | I35: =IFERROR(VLOOKUP(A35,'MEMO CALCULO 07'!$B$8:$E$202,4,0),0) -> 0 | J35: =I35*E35 -> 0 | K35: =I35/D35 -> 0 | L35: =F35+I35 -> 431.41267 | M35: =G35+J35 -> 5391.8119 | N35: =H35+K35 -> 0.79107484
A36: 4.6 | B36: Fornecimento, dobragem e colocação em fôrma, de armadura ca-50 a média, diâmetro de 6.3 a 10.0 mm | C36: kg | D36: 873.41 | E36: 12.021107 | F36: 873.41 | G36: =F36*E36 -> 10499.355 | H36: =F36/D36 -> 1 | I36: =IFERROR(VLOOKUP(A36,'MEMO CALCULO 07'!$B$8:$E$202,4,0),0) -> 0 | J36: =I36*E36 -> 0 | K36: =I36/D36 -> 0 | L36: =F36+I36 -> 873.41 | M36: =G36+J36 -> 10499.355 | N36: =H36+K36 -> 1
A37: 4.7 | B37: Aplicação de lona plástica para execução de pavimentos de concreto | C37: m² | D37: 223.46 | E37: 1.663144 | F37: 223.46 | G37: =F37*E37 -> 371.64616 | H37: =F37/D37 -> 1 | I37: =IFERROR(VLOOKUP(A37,'MEMO CALCULO 07'!$B$8:$E$202,4,0),0) -> 0 | J37: =I37*E37 -> 0 | K37: =I37/D37 -> 0 | L37: =F37+I37 -> 223.46 | M37: =G37+J37 -> 371.64616 | N37: =H37+K37 -> 1
A38: 5 | B38: SUPERESTRUTURA | J38: =SUM(J39:J44) -> 0 | M38: =SUM(M39:M44) -> 110881.27
A39: 5.1 | B39: Fôrma em chapa de madeira compensada plastificada 12mm para estrutura em geral, 5 reaproveitamentos, reforçada com sarrafos de madeira 2.5x10cm (incl material, corte, montagem, escoras em eucalipto e desforma) | C39: m2 | D39: 319.31 | E39: 111.30836 | F39: 267.3166 | G39: =F39*E39 -> 29754.572 | H39: =F39/D39 -> 0.83716952 | I39: =IFERROR(VLOOKUP(A39,'MEMO CALCULO 07'!$B$8:$E$202,4,0),0) -> 0 | J39: =I39*E39 -> 0 | K39: =I39/D39 -> 0 | L39: =F39+I39 -> 267.3166 | M39: =G39+J39 -> 29754.572 | N39: =H39+K39 -> 0.83716952
A40: 5.2 | B40: Fornecimento, preparo e aplicação de concreto fck=25 mpa (brita 1 e 2) - (5% de perdas já incluído no custo) | C40: m3 | D40: 21.99 | E40: 938.86925 | F40: 18.0187 | G40: =F40*E40 -> 16917.203 | H40: =F40/D40 -> 0.81940427 | I40: =IFERROR(VLOOKUP(A40,'MEMO CALCULO 07'!$B$8:$E$202,4,0),0) -> 0 | J40: =I40*E40 -> 0 | K40: =I40/D40 -> 0 | L40: =F40+I40 -> 18.0187 | M40: =G40+J40 -> 16917.203 | N40: =H40+K40 -> 0.81940427
A41: 5.3 | B41: Fornecimento, dobragem e colocação em fôrma, de armadura ca-60 b fina, diâmetro de 4.0 a 7.0mm | C41: kg | D41: 323.46 | E41: 12.498038 | F41: 318.66 | G41: =F41*E41 -> 3982.6248 | H41: =F41/D41 -> 0.98516045 | I41: =IFERROR(VLOOKUP(A41,'MEMO CALCULO 07'!$B$8:$E$202,4,0),0) -> 0 | J41: =I41*E41 -> 0 | K41: =I41/D41 -> 0 | L41: =F41+I41 -> 318.66 | M41: =G41+J41 -> 3982.6248 | N41: =H41+K41 -> 0.98516045
A42: 5.4 | B42: Fornecimento, dobragem e colocação em fôrma, de armadura ca-50 a média, diâmetro de 6.3 a 10.0 mm | C42: kg | D42: 1141.22 | E42: 12.021107 | F42: 1141.22 | G42: =F42*E42 -> 13718.728 | H42: =F42/D42 -> 1 | I42: =IFERROR(VLOOKUP(A42,'MEMO CALCULO 07'!$B$8:$E$202,4,0),0) -> 0 | J42: =I42*E42 -> 0 | K42: =I42/D42 -> 0 | L42: =F42+I42 -> 1141.22 | M42: =G42+J42 -> 13718.728 | N42: =H42+K42 -> 1
A43: 5.5 | B43: Laje pré-fabricada treliçada, sobrecarga 300 kg/m2, vão de 3.5m a 4.3m, capeamento 4cm, esp. 12cm, fck = 150 kg/cm2 | C43: m2 | D43: 306.44 | E43: 161.01924 | F43: 282.71 | G43: =F43*E43 -> 45521.75 | H43: =F43/D43 -> 0.92256233 | I43: =IFERROR(VLOOKUP(A43,'MEMO CALCULO 07'!$B$8:$E$202,4,0),0) -> 0 | J43: =I43*E43 -> 0 | K43: =I43/D43 -> 0 | L43: =F43+I43 -> 282.71 | M43: =G43+J43 -> 45521.75 | N43: =H43+K43 -> 0.92256233
A44: 5.6 | B44: Pintura impermeabilizante com igolflex ou equivalente a 3 demãos | C44: m2 | D44: 23.73 | E44: 54.137783 | F44: 18.22 | G44: =F44*E44 -> 986.39041 | H44: =F44/D44 -> 0.76780447 | I44: =IFERROR(VLOOKUP(A44,'MEMO CALCULO 07'!$B$8:$E$202,4,0),0) -> 0 | J44: =I44*E44 -> 0 | K44: =I44/D44 -> 0 | L44: =F44+I44 -> 18.22 | M44: =G44+J44 -> 986.39041 | N44: =H44+K44 -> 0.76780447
A45: 6 | B45: PAREDES E PAINÉIS | J45: =SUM(J46:J50) -> 0 | M45: =SUM(M46:M50) -> 69944.134
A46: 6.1.1 | B46: Alvenaria de blocos cerâmicos 10 furos 10x20x20cm, assentados c/argamassa de cimento, cal hidratada ch1 e areia traço 1:0,5:8, esp. Das juntas 12mm e esp. Das paredes s/revestimento, 10cm (bloco comprado na fábrica, posto obra) | C46: m2 | D46: 439.07 | E46: 72.346764 | F46: 439.07 | G46: =F46*E46 -> 31765.294 | H46: =F46/D46 -> 1 | I46: =IFERROR(VLOOKUP(A46,'MEMO CALCULO 07'!$B$8:$E$202,4,0),0) -> 0 | J46: =I46*E46 -> 0 | K46: =I46/D46 -> 0 | L46: =F46+I46 -> 439.07 | M46: =G46+J46 -> 31765.294 | N46: =H46+K46 -> 1
A47: 6.1.2 | B47: Verga/contraverga reta de concreto armado 10 x 5 cm, fck = 15 mpa, inclusive forma, armação e desforma | C47: m | D47: 82.05 | E47: 10.627001 | F47: 80.55 | G47: =F47*E47 -> 856.00493 | H47: =F47/D47 -> 0.98171846 | I47: =IFERROR(VLOOKUP(A47,'MEMO CALCULO 07'!$B$8:$E$202,4,0),0) -> 0 | J47: =I47*E47 -> 0 | K47: =I47/D47 -> 0 | L47: =F47+I47 -> 80.55 | M47: =G47+J47 -> 856.00493 | N47: =H47+K47 -> 0.98171846
A48: 6.1.3 | B48: Chapisco de argamassa de cimento e areia média ou grossa lavada, no traço 1:3, espessura 5 mm | C48: m2 | D48: 1017.15 | E48: 7.94885 | F48: 1004.0675 | G48: =F48*E48 -> 7981.1819 | H48: =F48/D48 -> 0.98713808 | I48: =IFERROR(VLOOKUP(A48,'MEMO CALCULO 07'!$B$8:$E$202,4,0),0) -> 0 | J48: =I48*E48 -> 0 | K48: =I48/D48 -> 0 | L48: =F48+I48 -> 1004.0675 | M48: =G48+J48 -> 7981.1819 | N48: =H48+K48 -> 0.98713808
A49: 6.1.4 | B49: Emboço de argamassa de cimento, cal hidratada ch1 e areia média ou grossa lavada no traço 1:0.5:6, espessura 20 mm | C49: m2 | D49: 257.83 | E49: 38.325686 | F49: 257.83 | G49: =F49*E49 -> 9881.5116 | H49: =F49/D49 -> 1 | I49: =IFERROR(VLOOKUP(A49,'MEMO CALCULO 07'!$B$8:$E$202,4,0),0) -> 0 | J49: =I49*E49 -> 0 | K49: =I49/D49 -> 0 | L49: =F49+I49 -> 257.83 | M49: =G49+J49 -> 9881.5116 | N49: =H49+K49 -> 1
A50: 6.1.5 | B50: Reboco de argamassa de cimento, cal hidratada ch1 e areia média ou grossa lavada no traço 1:0.5:6, espessura 5mm | C50: m2 | D50: 728.96 | E50: 26.695907 | F50: 728.956 | G50: =F50*E50 -> 19460.142 | H50: =F50/D50 -> 0.99999451 | I50: =IFERROR(VLOOKUP(A50,'MEMO CALCULO 07'!$B$8:$E$202,4,0),0) -> 0 | J50: =I50*E50 -> 0 | K50: =I50/D50 -> 0 | L50: =F50+I50 -> 728.956 | M50: =G50+J50 -> 19460.142 | N50: =H50+K50 -> 0.99999451
A51: 7 | B51: REVESTIMENTOS | J51: =SUM(J52:J53) -> 8095.1754 | M51: =SUM(M52:M53) -> 15668.233
A52: 7.1 | B52: Azulejo branco 15 x 15 cm, juntas a prumo, assentado com argamassa de cimento colante, inclusive rejuntamento com cimento branco, marcas de referência eliane, cecrisa ou portobello | C52: m2 | D52: 142.63 | E52: 117.59406 | F52: 64.4 | G52: =F52*E52 -> 7573.0577 | H52: =F52/D52 -> 0.45151791 | I52: =IFERROR(VLOOKUP(A52,'MEMO CALCULO 07'!$B$8:$E$202,4,0),0) -> 68.84 | J52: =I52*E52 -> 8095.1754 | K52: =I52/D52 -> 0.48264741 | L52: =F52+I52 -> 133.24 | M52: =G52+J52 -> 15668.233 | N52: =H52+K52 -> 0.93416532
A53: 7.2 | B53: Rodapé de mármore ou granito, assentado com argamassa de cimento, cal hidratada ch1 e areia no traço 1:0,5:8, incl. Rejuntamento com cimento branco, h=7cm | C53: m | D53: 138.72 | E53: 55.482973 | F53: 0 | G53: =F53*E53 -> 0 | H53: =F53/D53 -> 0 | I53: =IFERROR(VLOOKUP(A53,'MEMO CALCULO 07'!$B$8:$E$202,4,0),0) -> 0 | J53: =I53*E53 -> 0 | K53: =I53/D53 -> 0 | L53: =F53+I53 -> 0 | M53: =G53+J53 -> 0 | N53: =H53+K53 -> 0
A54: 8 | B54: PISOS | J54: =SUM(J55:J59) -> 0 | M54: =SUM(M55:M59) -> 5906.9426
A55: 8.1 | B55: Piso argamassa alta resistência tipo granilite ou equiv de qualidade comprovada, esp de 10mm, com juntas plástica em quadros de 1m, na cor natural, com acabamento anti-derrapante mecanizado, inclusive regularização e=3.0cm | C55: m2 | D55: 11.2 | E55: 143.59292 | F55: 0 | G55: =F55*E55 -> 0 | H55: =F55/D55 -> 0 | I55: =IFERROR(VLOOKUP(A55,'MEMO CALCULO 07'!$B$8:$E$202,4,0),0) -> 0 | J55: =I55*E55 -> 0 | K55: =I55/D55 -> 0 | L55: =F55+I55 -> 0 | M55: =G55+J55 -> 0 | N55: =H55+K55 -> 0
A56: 8.2 | B56: Piso argamassa alta resistência tipo granilite ou equiv de qualidade comprovada, esp de 10mm, com juntas plástica em quadros de 1m, na cor natural, com acabamento polido mecanizado, inclusive regularização e=3.0cm | C56: m2 | D56: 202.24 | E56: 158.10874 | F56: 37.36 | G56: =F56*E56 -> 5906.9426 | H56: =F56/D56 -> 0.18473101 | I56: =IFERROR(VLOOKUP(A56,'MEMO CALCULO 07'!$B$8:$E$202,4,0),0) -> 0 | J56: =I56*E56 -> 0 | K56: =I56/D56 -> 0 | L56: =F56+I56 -> 37.36 | M56: =G56+J56 -> 5906.9426 | N56: =H56+K56 -> 0.18473101
A57: 8.3 | B57: Passeio de cimentado camurçado com argamassa de cimento e areia no traço 1:3 esp. 1.5cm, e lastro de concreto com 8cm de espessura, inclusive preparo de caixa | C57: m2 | D57: 50.06 | E57: 172.62456 | F57: 0 | G57: =F57*E57 -> 0 | H57: =F57/D57 -> 0 | I57: =IFERROR(VLOOKUP(A57,'MEMO CALCULO 07'!$B$8:$E$202,4,0),0) -> 0 | J57: =I57*E57 -> 0 | K57: =I57/D57 -> 0 | L57: =F57+I57 -> 0 | M57: =G57+J57 -> 0 | N57: =H57+K57 -> 0
A58: 8.4 | B58: Fornecimento e assentamento de ladrilho hidráulico pastilhado, vermelho, dim. 20x20 cm, esp. 1.5cm, assentado com pasta de cimento colante, exclusive regularização e lastro | C58: m2 | D58: 45 | E58: 96.645787 | F58: 0 | G58: =F58*E58 -> 0 | H58: =F58/D58 -> 0 | I58: =IFERROR(VLOOKUP(A58,'MEMO CALCULO 07'!$B$8:$E$202,4,0),0) -> 0 | J58: =I58*E58 -> 0 | K58: =I58/D58 -> 0 | L58: =F58+I58 -> 0 | M58: =G58+J58 -> 0 | N58: =H58+K58 -> 0
A59: 8.5 | B59: Soleira de granito esp. 2 cm e largura de 15 cm | C59: m | D59: 94.2 | E59: 60.961565 | F59: 0 | G59: =F59*E59 -> 0 | H59: =F59/D59 -> 0 | I59: =IFERROR(VLOOKUP(A59,'MEMO CALCULO 07'!$B$8:$E$202,4,0),0) -> 0 | J59: =I59*E59 -> 0 | K59: =I59/D59 -> 0 | L59: =F59+I59 -> 0 | M59: =G59+J59 -> 0 | N59: =H59+K59 -> 0
A60: 9 | B60: TETOS E FORROS | J60: =SUM(J61) -> 11826.676 | M60: =SUM(M61) -> 11826.676
A61: 9.1 | B61: Forro de gesso acabamento tipo liso | C61: m2 | D61: 202.24 | E61: 58.47842 | F61: 0 | G61: =F61*E61 -> 0 | H61: =F61/D61 -> 0 | I61: =IFERROR(VLOOKUP(A61,'MEMO CALCULO 07'!$B$8:$E$202,4,0),0) -> 202.24 | J61: =I61*E61 -> 11826.676 | K61: =I61/D61 -> 1 | L61: =F61+I61 -> 202.24 | M61: =G61+J61 -> 11826.676 | N61: =H61+K61 -> 1
A62: 10 | B62: PINTURA | J62: =SUM(J63:J72) -> 2024.7154 | M62: =SUM(M63:M72) -> 9557.5603
A63: 10.1 | B63: SOBRE PAREDES E FORROS
A64: 10.1.1 | B64: Emassamento de paredes e forros, com duas demãos de massa acrílica, marcas de referência suvinil, coral ou metalatex | C64: m2 | D64: 345.42 | E64: 21.914368 | F64: 343.74 | G64: =F64*E64 -> 7532.8449 | H64: =F64/D64 -> 0.99513636 | I64: =IFERROR(VLOOKUP(A64,'MEMO CALCULO 07'!$B$8:$E$202,4,0),0) -> 0 | J64: =I64*E64 -> 0 | K64: =I64/D64 -> 0 | L64: =F64+I64 -> 343.74 | M64: =G64+J64 -> 7532.8449 | N64: =H64+K64 -> 0.99513636
A65: 10.1.2 | B65: Pintura em paredes e forros, aplicação manual, com três demão de tinta látex acrílico premium, referência coral e metalatex, inclusive uma demão de liquido selador acrílico, referência suvinil, coral ou metalatex ou equivalente | C65: m2 | D65: 779.65 | E65: 30.5725 | F65: 0 | G65: =F65*E65 -> 0 | H65: =F65/D65 -> 0 | I65: =IFERROR(VLOOKUP(A65,'MEMO CALCULO 07'!$B$8:$E$202,4,0),0) -> 0 | J65: =I65*E65 -> 0 | K65: =I65/D65 -> 0 | L65: =F65+I65 -> 0 | M65: =G65+J65 -> 0 | N65: =H65+K65 -> 0
A66: 10.2 | B66: SOBRE MADEIRA
A67: 10.2.1 | B67: Emassamento de esquadrias e elementos de madeira, com duas demãos de massa à base água, referência suvinil, coral, sherwin williams ou equivalente, inclusive uma demão de fundo nivelador alquídico branco, referência suvinil, coral ou metalatex ou equivalente | C67: m2 | D67: 57.68 | E67: 56.913766 | F67: 0 | G67: =F67*E67 -> 0 | H67: =F67/D67 -> 0 | I67: =IFERROR(VLOOKUP(A67,'MEMO CALCULO 07'!$B$8:$E$202,4,0),0) -> 0 | J67: =I67*E67 -> 0 | K67: =I67/D67 -> 0 | L67: =F67+I67 -> 0 | M67: =G67+J67 -> 0 | N67: =H67+K67 -> 0
A68: 10.2.2 | B68: Pintura de esquadrias e elementos de madeira, aplicação manual, com duas demãos de tinta esmalte sintético referência suvinil, coral ou metalatex, inclusive fundo branco nivelador, referência suvinil, coral e metalatex ou equivalente | C68: m2 | D68: 57.68 | E68: 51.740899 | F68: 0 | G68: =F68*E68 -> 0 | H68: =F68/D68 -> 0 | I68: =IFERROR(VLOOKUP(A68,'MEMO CALCULO 07'!$B$8:$E$202,4,0),0) -> 0 | J68: =I68*E68 -> 0 | K68: =I68/D68 -> 0 | L68: =F68+I68 -> 0 | M68: =G68+J68 -> 0 | N68: =H68+K68 -> 0
A69: 10.3 | B69: SOBRE METAL
A70: 10.3.1 | B70: Pintura sobre metal, aplicação manual, com duas demãos de tinta esmalte sintético, referência suvinil, coral ou metalatex, inclusive uma demão de fundo anticorrosivo | C70: m2 | D70: 60.38 | E70: 52.291204 | F70: 0 | G70: =F70*E70 -> 0 | H70: =F70/D70 -> 0 | I70: =IFERROR(VLOOKUP(A70,'MEMO CALCULO 07'!$B$8:$E$202,4,0),0) -> 38.72 | J70: =I70*E70 -> 2024.7154 | K70: =I70/D70 -> 0.64127194 | L70: =F70+I70 -> 38.72 | M70: =G70+J70 -> 2024.7154 | N70: =H70+K70 -> 0.64127194
A71: 10.4 | B71: SOBRE PISOS
A72: 10.4.1 | B72: Pintura sobre concreto ou blocos cerâmicos aparentes, aplicação manual, com duas demãos de verniz acrílico a base de água, acabamento fosco, referência suvinil, coral, metalatex ou equivalente | C72: m2 | D72: 213.44 | E72: 0 | F72: 0 | G72: =F72*E72 -> 0 | H72: =F72/D72 -> 0 | I72: =IFERROR(VLOOKUP(A72,'MEMO CALCULO 07'!$B$8:$E$202,4,0),0) -> 0 | J72: =I72*E72 -> 0 | K72: =I72/D72 -> 0 | L72: =F72+I72 -> 0 | M72: =G72+J72 -> 0 | N72: =H72+K72 -> 0
A73: 11 | B73: VIDROS E ESPELHOS | J73: =SUM(J74:J76) -> 0 | M73: =SUM(M74:M76) -> 6611.6617
A74: 11.1 | B74: Vidro plano transparente liso, com 4 mm de espessura | C74: m2 | D74: 22.88 | E74: 288.97123 | F74: 22.88 | G74: =F74*E74 -> 6611.6617 | H74: =F74/D74 -> 1 | I74: =IFERROR(VLOOKUP(A74,'MEMO CALCULO 07'!$B$8:$E$202,4,0),0) -> 0 | J74: =I74*E74 -> 0 | K74: =I74/D74 -> 0 | L74: =F74+I74 -> 22.88 | M74: =G74+J74 -> 6611.6617 | N74: =H74+K74 -> 1
A75: 11.2 | B75: Espelho para banheiros espessura 4 mm, incluindo chapa compensada 10 mm, moldura de alumínio em perfil l 3/4", fixado com parafusos cromados | C75: m2 | D75: 2.16 | E75: 710.44376 | F75: 0 | G75: =F75*E75 -> 0 | H75: =F75/D75 -> 0 | I75: =IFERROR(VLOOKUP(A75,'MEMO CALCULO 07'!$B$8:$E$202,4,0),0) -> 0 | J75: =I75*E75 -> 0 | K75: =I75/D75 -> 0 | L75: =F75+I75 -> 0 | M75: =G75+J75 -> 0 | N75: =H75+K75 -> 0
A76: 11.3 | B76: Instalação de vidro temperado, e = 10 mm, encaixado em perfil u | C76: m2 | D76: 8.4 | E76: 602.24156 | F76: 0 | G76: =F76*E76 -> 0 | H76: =F76/D76 -> 0 | I76: =IFERROR(VLOOKUP(A76,'MEMO CALCULO 07'!$B$8:$E$202,4,0),0) -> 0 | J76: =I76*E76 -> 0 | K76: =I76/D76 -> 0 | L76: =F76+I76 -> 0 | M76: =G76+J76 -> 0 | N76: =H76+K76 -> 0
A77: 12 | B77: INSTALAÇÕES ELÉTRICAS | J77: =SUM(J78:J115) -> 36737.671 | M77: =SUM(M78:M115) -> 37337.162
A78: 12.1 | B78: PADRÃO DE ENERGIA
A79: 12.1.1 | B79: Padrão de entrada de energia elétrica, trifásico, entrada aérea, a 4 fios, carga instalada em muro de 26001 até 34000w - 220/127v | C79: und | D79: 1 | E79: 3900.7697 | F79: 0 | G79: =F79*E79 -> 0 | H79: =F79/D79 -> 0 | I79: =IFERROR(VLOOKUP(A79,'MEMO CALCULO 07'!$B$8:$E$202,4,0),0) -> 0 | J79: =I79*E79 -> 0 | K79: =I79/D79 -> 0 | L79: =F79+I79 -> 0 | M79: =G79+J79 -> 0 | N79: =H79+K79 -> 0
A80: 12.1.2 | B80: Mureta de medição utilizando arg. Cimento, cal e areia, dimensões 1100x2000x200mm, com pilares e cintas, revestido com chapisco e reboco, inclusive pintura emassamento e pintura acrílica a três demãos, exclusive cobertura | C80: und | D80: 1 | E80: 1589.1219 | F80: 0 | G80: =F80*E80 -> 0 | H80: =F80/D80 -> 0 | I80: =IFERROR(VLOOKUP(A80,'MEMO CALCULO 07'!$B$8:$E$202,4,0),0) -> 0 | J80: =I80*E80 -> 0 | K80: =I80/D80 -> 0 | L80: =F80+I80 -> 0 | M80: =G80+J80 -> 0 | N80: =H80+K80 -> 0
A81: 12.2 | B81: QUADRO DE DISTRIBUIÇÃO
A82: 12.2.1 | B82: Quadro de distribuição de energia, de embutir, com 24 divisões modulares, com barramento | C82: und | D82: 1 | E82: 599.49004 | F82: 1 | G82: =F82*E82 -> 599.49004 | H82: =F82/D82 -> 1 | I82: =IFERROR(VLOOKUP(A82,'MEMO CALCULO 07'!$B$8:$E$202,4,0),0) -> 0 | J82: =I82*E82 -> 0 | K82: =I82/D82 -> 0 | L82: =F82+I82 -> 1 | M82: =G82+J82 -> 599.49004 | N82: =H82+K82 -> 1
A83: 12.3 | B83: QUADRO DE DISTRIBUIÇÃO
A84: 12.3.1 | B84: Mini-disjuntor monopolar 10a, curva c, 5ka, 127/220vca, referência siemens, ge, schneider ou equivalente | C84: und | D84: 5 | E84: 24.70258 | F84: 0 | G84: =F84*E84 -> 0 | H84: =F84/D84 -> 0 | I84: =IFERROR(VLOOKUP(A84,'MEMO CALCULO 07'!$B$8:$E$202,4,0),0) -> 4 | J84: =I84*E84 -> 98.81032 | K84: =I84/D84 -> 0.8 | L84: =F84+I84 -> 4 | M84: =G84+J84 -> 98.81032 | N84: =H84+K84 -> 0.8
A85: 12.3.2 | B85: Mini-disjuntor monopolar 16a, curva c, 5ka, 127/220vca, referência siemens, ge, schneider ou equivalente | C85: und | D85: 1 | E85: 24.70258 | F85: 0 | G85: =F85*E85 -> 0 | H85: =F85/D85 -> 0 | I85: =IFERROR(VLOOKUP(A85,'MEMO CALCULO 07'!$B$8:$E$202,4,0),0) -> 1 | J85: =I85*E85 -> 24.70258 | K85: =I85/D85 -> 1 | L85: =F85+I85 -> 1 | M85: =G85+J85 -> 24.70258 | N85: =H85+K85 -> 1
A86: 12.3.3 | B86: Mini-disjuntor monopolar 25a, curva c, 5ka, 127/220vca, referência siemens, ge, schneider ou equivalente | C86: und | D86: 1 | E86: 24.70258 | F86: 0 | G86: =F86*E86 -> 0 | H86: =F86/D86 -> 0 | I86: =IFERROR(VLOOKUP(A86,'MEMO CALCULO 07'!$B$8:$E$202,4,0),0) -> 0 | J86: =I86*E86 -> 0 | K86: =I86/D86 -> 0 | L86: =F86+I86 -> 0 | M86: =G86+J86 -> 0 | N86: =H86+K86 -> 0
A87: 12.3.4 | B87: Mini-disjuntor monopolar 32a, curva c, 5ka, 127/220vca, referência siemens, ge, schneider ou equivalente | C87: und | D87: 2 | E87: 24.70258 | F87: 0 | G87: =F87*E87 -> 0 | H87: =F87/D87 -> 0 | I87: =IFERROR(VLOOKUP(A87,'MEMO CALCULO 07'!$B$8:$E$202,4,0),0) -> 0 | J87: =I87*E87 -> 0 | K87: =I87/D87 -> 0 | L87: =F87+I87 -> 0 | M87: =G87+J87 -> 0 | N87: =H87+K87 -> 0
A88: 12.3.5 | B88: Mini-disjuntor monopolar 40a, curva c, 5ka, 127/220vca, referência siemens, ge, schneider ou equivalente | C88: und | D88: 1 | E88: 33.409628 | F88: 0 | G88: =F88*E88 -> 0 | H88: =F88/D88 -> 0 | I88: =IFERROR(VLOOKUP(A88,'MEMO CALCULO 07'!$B$8:$E$202,4,0),0) -> 0 | J88: =I88*E88 -> 0 | K88: =I88/D88 -> 0 | L88: =F88+I88 -> 0 | M88: =G88+J88 -> 0 | N88: =H88+K88 -> 0
A89: 12.3.6 | B89: Mini-disjuntor bipolar 16a, curva c, 5ka, 127/220vca, referência siemens, ge, schneider ou equivalente | C89: und | D89: 4 | E89: 71.930978 | F89: 0 | G89: =F89*E89 -> 0 | H89: =F89/D89 -> 0 | I89: =IFERROR(VLOOKUP(A89,'MEMO CALCULO 07'!$B$8:$E$202,4,0),0) -> 4 | J89: =I89*E89 -> 287.72391 | K89: =I89/D89 -> 1 | L89: =F89+I89 -> 4 | M89: =G89+J89 -> 287.72391 | N89: =H89+K89 -> 1
A90: 12.3.7 | B90: Mini-disjuntor tripolar 90 a, curva c, 5ka, 127/220vca, referência siemens, ge, schneider ou equivalente | C90: und | D90: 2 | E90: 236.74121 | F90: 0 | G90: =F90*E90 -> 0 | H90: =F90/D90 -> 0 | I90: =IFERROR(VLOOKUP(A90,'MEMO CALCULO 07'!$B$8:$E$202,4,0),0) -> 1 | J90: =I90*E90 -> 236.74121 | K90: =I90/D90 -> 0.5 | L90: =F90+I90 -> 1 | M90: =G90+J90 -> 236.74121 | N90: =H90+K90 -> 0.5
A91: 12.3.8 | B91: Interruptor diferencial bipolar dr 25a, 30ma ? 6ka, referência siemens, schneider, weg ou equivalente | C91: und | D91: 2 | E91: 139.47174 | F91: 0 | G91: =F91*E91 -> 0 | H91: =F91/D91 -> 0 | I91: =IFERROR(VLOOKUP(A91,'MEMO CALCULO 07'!$B$8:$E$202,4,0),0) -> 1 | J91: =I91*E91 -> 139.47174 | K91: =I91/D91 -> 0.5 | L91: =F91+I91 -> 1 | M91: =G91+J91 -> 139.47174 | N91: =H91+K91 -> 0.5
A92: 12.3.9 | B92: Interruptor diferencial bipolar dr 40a, 30ma ? 6ka, referência siemens, schneider, weg ou equivalente | C92: und | D92: 2 | E92: 144.27774 | F92: 0 | G92: =F92*E92 -> 0 | H92: =F92/D92 -> 0 | I92: =IFERROR(VLOOKUP(A92,'MEMO CALCULO 07'!$B$8:$E$202,4,0),0) -> 1 | J92: =I92*E92 -> 144.27774 | K92: =I92/D92 -> 0.5 | L92: =F92+I92 -> 1 | M92: =G92+J92 -> 144.27774 | N92: =H92+K92 -> 0.5
A93: 12.4 | B93: PONTOS ELÉTRICOS/ CABOS E ELETRODUTOS
A94: 12.4.1 | B94: Ponto padrão de luz no teto - considerando eletroduto pvc rígido de 3/4" inclusive conexões (4.5m), fio isolado pvc de 2.5mm2 (16.2m) e caixa pvc 4x4" (1 und) | C94: und | D94: 27 | E94: 231.89853 | F94: 0 | G94: =F94*E94 -> 0 | H94: =F94/D94 -> 0 | I94: =IFERROR(VLOOKUP(A94,'MEMO CALCULO 07'!$B$8:$E$202,4,0),0) -> 27 | J94: =I94*E94 -> 6261.2602 | K94: =I94/D94 -> 1 | L94: =F94+I94 -> 27 | M94: =G94+J94 -> 6261.2602 | N94: =H94+K94 -> 1
A95: 12.4.2 | B95: Ponto padrão de luz na parede - considerando eletroduto pvc rígido de 3/4" inclusive conexões (4.5m), fio isolado pvc de 2.5mm2 (16.2m) e caixa pvc 4x2" (1 und) | C95: und | D95: 7 | E95: 205.67955 | F95: 0 | G95: =F95*E95 -> 0 | H95: =F95/D95 -> 0 | I95: =IFERROR(VLOOKUP(A95,'MEMO CALCULO 07'!$B$8:$E$202,4,0),0) -> 7 | J95: =I95*E95 -> 1439.7569 | K95: =I95/D95 -> 1 | L95: =F95+I95 -> 7 | M95: =G95+J95 -> 1439.7569 | N95: =H95+K95 -> 1
A96: 12.4.3 | B96: Ponto padrão de tomada para ar refrigerado - considerando eletroduto pvc rígido de 3/4" inclusive conexões (6.0m), fio isolado pvc de 4.0mm2 (21.6m) e caixa pvc 4x2" (1 und) | C96: und | D96: 6 | E96: 347.93951 | F96: 0 | G96: =F96*E96 -> 0 | H96: =F96/D96 -> 0 | I96: =IFERROR(VLOOKUP(A96,'MEMO CALCULO 07'!$B$8:$E$202,4,0),0) -> 6 | J96: =I96*E96 -> 2087.637 | K96: =I96/D96 -> 1 | L96: =F96+I96 -> 6 | M96: =G96+J96 -> 2087.637 | N96: =H96+K96 -> 1
A97: 12.4.4 | B97: Ponto padrão de interruptor de 1 tecla paralelo - considerando eletroduto pvc rígido de 3/4" inclusive conexões (8.5m), fio isolado pvc de 2.5mm2 (28.8m) e caixa pvc 4x2" (1 und) | C97: und | D97: 10 | E97: 395.25351 | F97: 0 | G97: =F97*E97 -> 0 | H97: =F97/D97 -> 0 | I97: =IFERROR(VLOOKUP(A97,'MEMO CALCULO 07'!$B$8:$E$202,4,0),0) -> 10 | J97: =I97*E97 -> 3952.5351 | K97: =I97/D97 -> 1 | L97: =F97+I97 -> 10 | M97: =G97+J97 -> 3952.5351 | N97: =H97+K97 -> 1
A98: 12.4.5 | B98: Ponto padrão de interruptor de 1 tecla simples e 1 tomada dois pólos mais terra 10a/250v - considerando eletroduto pvc rígido de 3/4" inclusive conexões (4.5m), fio isolado pvc de 2.5mm2 (19.4m) e caixa pvc 4x2" (1 und) | C98: und | D98: 12 | E98: 247.64948 | F98: 0 | G98: =F98*E98 -> 0 | H98: =F98/D98 -> 0 | I98: =IFERROR(VLOOKUP(A98,'MEMO CALCULO 07'!$B$8:$E$202,4,0),0) -> 12 | J98: =I98*E98 -> 2971.7937 | K98: =I98/D98 -> 1 | L98: =F98+I98 -> 12 | M98: =G98+J98 -> 2971.7937 | N98: =H98+K98 -> 1
A99: 12.4.6 | B99: Ponto padrão de ventilador no teto - considerando eletroduto pvc rígido de 3/4" inclusive conexões (4.5m), fio isolado pvc de 2.5mm2 (21.6m) e caixa pvc 4x4" (1 und) | C99: und | D99: 5 | E99: 273.04911 | F99: 0 | G99: =F99*E99 -> 0 | H99: =F99/D99 -> 0 | I99: =IFERROR(VLOOKUP(A99,'MEMO CALCULO 07'!$B$8:$E$202,4,0),0) -> 5 | J99: =I99*E99 -> 1365.2456 | K99: =I99/D99 -> 1 | L99: =F99+I99 -> 5 | M99: =G99+J99 -> 1365.2456 | N99: =H99+K99 -> 1
A100: 12.4.7 | B100: Ponto padrão de tomada 2 pólos mais terra - considerando eletroduto pvc rígido de 3/4" inclusive conexões (5.0m), fio isolado pvc de 2.5mm2 (16.5m) e caixa pvc 4x2" (1 und) | C100: und | D100: 58 | E100: 235.38379 | F100: 0 | G100: =F100*E100 -> 0 | H100: =F100/D100 -> 0 | I100: =IFERROR(VLOOKUP(A100,'MEMO CALCULO 07'!$B$8:$E$202,4,0),0) -> 58 | J100: =I100*E100 -> 13652.26 | K100: =I100/D100 -> 1 | L100: =F100+I100 -> 58 | M100: =G100+J100 -> 13652.26 | N100: =H100+K100 -> 1
A101: 12.4.8 | B101: Cabo de cobre termoplástico (pvc) flexível isolado 450/750v, antichama bwf livre de chumbo, 70ºc - 2,5mm2 | C101: m | D101: 200 | E101: 7.618667 | F101: 0 | G101: =F101*E101 -> 0 | H101: =F101/D101 -> 0 | I101: =IFERROR(VLOOKUP(A101,'MEMO CALCULO 07'!$B$8:$E$202,4,0),0) -> 200 | J101: =I101*E101 -> 1523.7334 | K101: =I101/D101 -> 1 | L101: =F101+I101 -> 200 | M101: =G101+J101 -> 1523.7334 | N101: =H101+K101 -> 1
A102: 12.4.9 | B102: Cabo de cobre termoplástico (pvc) flexível isolado 450/750v, antichama bwf livre de chumbo, 70ºc ? 4,0mm2 | C102: m | D102: 80 | E102: 9.807658 | F102: 0 | G102: =F102*E102 -> 0 | H102: =F102/D102 -> 0 | I102: =IFERROR(VLOOKUP(A102,'MEMO CALCULO 07'!$B$8:$E$202,4,0),0) -> 51.94 | J102: =I102*E102 -> 509.40976 | K102: =I102/D102 -> 0.64925 | L102: =F102+I102 -> 51.94 | M102: =G102+J102 -> 509.40976 | N102: =H102+K102 -> 0.64925
A103: 12.4.10 | B103: Cabo de cobre termoplástico (pvc) flexível isolado 450/750v, antichama bwf livre de chumbo, 70ºc ? 10,0mm2 | C103: m | D103: 100 | E103: 18.355729 | F103: 0 | G103: =F103*E103 -> 0 | H103: =F103/D103 -> 0 | I103: =IFERROR(VLOOKUP(A103,'MEMO CALCULO 07'!$B$8:$E$202,4,0),0) -> 0 | J103: =I103*E103 -> 0 | K103: =I103/D103 -> 0 | L103: =F103+I103 -> 0 | M103: =G103+J103 -> 0 | N103: =H103+K103 -> 0
A104: 12.4.11 | B104: Cabo de cobre termoplástico (pvc) flexível isolado 450/750v, antichama bwf livre de chumbo, 70ºc ? 25,0mm2 | C104: m | D104: 100 | E104: 34.510238 | F104: 0 | G104: =F104*E104 -> 0 | H104: =F104/D104 -> 0 | I104: =IFERROR(VLOOKUP(A104,'MEMO CALCULO 07'!$B$8:$E$202,4,0),0) -> 0 | J104: =I104*E104 -> 0 | K104: =I104/D104 -> 0 | L104: =F104+I104 -> 0 | M104: =G104+J104 -> 0 | N104: =H104+K104 -> 0
A105: 12.4.12 | B105: Eletroduto de pvc rígido roscável, diâmetro 3/4", inclusive conexões | C105: m | D105: 85 | E105: 19.113927 | F105: 0 | G105: =F105*E105 -> 0 | H105: =F105/D105 -> 0 | I105: =IFERROR(VLOOKUP(A105,'MEMO CALCULO 07'!$B$8:$E$202,4,0),0) -> 80.09 | J105: =I105*E105 -> 1530.8344 | K105: =I105/D105 -> 0.94223529 | L105: =F105+I105 -> 80.09 | M105: =G105+J105 -> 1530.8344 | N105: =H105+K105 -> 0.94223529
A106: 12.4.13 | B106: Eletroduto de pvc rígido roscável, diâmetro 1", inclusive conexões | C106: m | D106: 50 | E106: 20.459117 | F106: 0 | G106: =F106*E106 -> 0 | H106: =F106/D106 -> 0 | I106: =IFERROR(VLOOKUP(A106,'MEMO CALCULO 07'!$B$8:$E$202,4,0),0) -> 25 | J106: =I106*E106 -> 511.47792 | K106: =I106/D106 -> 0.5 | L106: =F106+I106 -> 25 | M106: =G106+J106 -> 511.47792 | N106: =H106+K106 -> 0.5
A107: 12.5 | B107: TOMADAS E INTERRUPTORES
A108: 12.5.1 | B108: Interruptor de uma tecla paralelo 10a/250v, com placa 4x2" | C108: und | D108: 10 | E108: 46.311223 | F108: 0 | G108: =F108*E108 -> 0 | H108: =F108/D108 -> 0 | I108: =IFERROR(VLOOKUP(A108,'MEMO CALCULO 07'!$B$8:$E$202,4,0),0) -> 0 | J108: =I108*E108 -> 0 | K108: =I108/D108 -> 0 | L108: =F108+I108 -> 0 | M108: =G108+J108 -> 0 | N108: =H108+K108 -> 0
A109: 12.5.2 | B109: Interruptor de uma tecla simples 10a/250v e uma tomada 3 polos 10a/250v, padrão brasileiro, nbr 14136, linha branca, com placa 4x2" | C109: und | D109: 12 | E109: 66.733653 | F109: 0 | G109: =F109*E109 -> 0 | H109: =F109/D109 -> 0 | I109: =IFERROR(VLOOKUP(A109,'MEMO CALCULO 07'!$B$8:$E$202,4,0),0) -> 0 | J109: =I109*E109 -> 0 | K109: =I109/D109 -> 0 | L109: =F109+I109 -> 0 | M109: =G109+J109 -> 0 | N109: =H109+K109 -> 0
A110: 12.5.3 | B110: Tomada padrão brasileiro linha branca, nbr 14136 2 polos + terra 10a/250v, com placa 4x2" | C110: und | D110: 53 | E110: 41.713119 | F110: 0 | G110: =F110*E110 -> 0 | H110: =F110/D110 -> 0 | I110: =IFERROR(VLOOKUP(A110,'MEMO CALCULO 07'!$B$8:$E$202,4,0),0) -> 0 | J110: =I110*E110 -> 0 | K110: =I110/D110 -> 0 | L110: =F110+I110 -> 0 | M110: =G110+J110 -> 0 | N110: =H110+K110 -> 0
A111: 12.5.4 | B111: Tomada padrão brasileiro linha branca, nbr 14136 2 polos + terra 20a/250v, com placa 4x2" | C111: und | D111: 5 | E111: 47.852077 | F111: 0 | G111: =F111*E111 -> 0 | H111: =F111/D111 -> 0 | I111: =IFERROR(VLOOKUP(A111,'MEMO CALCULO 07'!$B$8:$E$202,4,0),0) -> 0 | J111: =I111*E111 -> 0 | K111: =I111/D111 -> 0 | L111: =F111+I111 -> 0 | M111: =G111+J111 -> 0 | N111: =H111+K111 -> 0
...

Sheet MEMO CALCULO 07
B2: PREFEITURA MUNICIPAL DE SÃO ROQUE DO CANAÃ
B8: MEMÓRIA DE CÁLCULO 7ª MEDIÇÃO
B9: OBRA: CONSTRUÇÃO DE UM CENTRO DE CONVIVÊNCIA E FORTALECIMENTO DE VÍNCULOS | D9: DATA: 01/12/2025
B10: LOCAL: DISTRITO DE SÃO JACINTO, SÃO ROQUE DO CANAÃ – ES
B11: ITEM | C11: DESCRIÇÃO | D11: UND | E11: QUANT.
B13: 3 | C13: =VLOOKUP(B13,'MEDIÇÃO 7'!$A$20:$C$199,2,0) -> MOVIMENTAÇÃO DE TERRA
B14: 3.3 | C14: =VLOOKUP(B14,'MEDIÇÃO 7'!$A$20:$C$199,2,0) -> Aterro com areia em áreas de calçada, inclusive fornecimento e adensamento | D14: =VLOOKUP(B14,'MEDIÇÃO 7'!$A$20:$C$198,3,0) -> m3 | E14: =SUM(D15) -> 13.4
B15: Regularização da Laje do Piso: 223,40 m² x 0,06 m = 13,40 m³ | D15: 13.4
B17: 7 | C17: =VLOOKUP(B17,'MEDIÇÃO 7'!$A$20:$C$199,2,0) -> REVESTIMENTOS
B18: 7.1 | C18: =VLOOKUP(B18,'MEDIÇÃO 7'!$A$20:$C$199,2,0) -> Azulejo branco 15 x 15 cm, juntas a prumo, assentado com argamassa de cimento colante, inclusive rejuntamento com cimento branco, marcas de referência eliane, cecrisa ou portobello | D18: =VLOOKUP(B18,'MEDIÇÃO 7'!$A$20:$C$198,3,0) -> m2 | E18: =SUM(D19:D22) -> 68.84
B19: WC PCD Feminino: 7,90 m x 2,55 m – 2,04 m² (desconto) = 18,10 m² | D19: 18.1
B20: WC PCD Masculino: 7,90 m x 2,55 m – 2,04 m² (desconto) = 18,10 m² | D20: 18.1
B21: WC Feminino: 7,20 m x 2,55 m - 2,04 m² (desconto) = 16,32 m² | D21: 16.32
B22: WC Masculino: 7,20 m x 2,55 m - 2,04 m² (desconto) = 16,32 m² | D22: 16.32
B24: 8 | C24: =VLOOKUP(B24,'MEDIÇÃO 7'!$A$20:$C$199,2,0) -> PISOS
B25: 8.2 | C25: =VLOOKUP(B25,'MEDIÇÃO 7'!$A$20:$C$199,2,0) -> Piso argamassa alta resistência tipo granilite ou equiv de qualidade comprovada, esp de 10mm, com juntas plástica em quadros de 1m, na cor natural, com acabamento polido mecanizado, inclusive regularização e=3.0cm | D25: =VLOOKUP(B25,'MEDIÇÃO 7'!$A$20:$C$198,3,0) -> m2 | E25: =SUM(D26:D27) -> 0
B26: Áreas medidas de regularização na 6ª medição | D26: 0
B27: NOTA.: Pertencente a 6ª medição.
B29: 9 | C29: =VLOOKUP(B29,'MEDIÇÃO 7'!$A$20:$C$199,2,0) -> TETOS E FORROS
B30: 9.1 | C30: =VLOOKUP(B30,'MEDIÇÃO 7'!$A$20:$C$199,2,0) -> Forro de gesso acabamento tipo liso | D30: =VLOOKUP(B30,'MEDIÇÃO 7'!$A$20:$C$198,3,0) -> m2 | E30: =SUM(D31:D45) -> 202.24
B31: Salão de atividades 01: Conforme projeto = 45,56 m² | D31: 45.56
B32: Sala de atividades 02: Conforme projeto = 29,48 m² | D32: 29.48
B33: Atendimento individual: Conforme projeto = 12,35 m² | D33: 12.35
B34: Coordenação: Conforme projeto = 14,98 m² | D34: 14.98
B35: Área de serviço: Conforme projeto = 6,12 m² | D35: 6.12
B36: Cozinha: Conforme projeto = 11,85 m² | D36: 11.85
B37: Despensa: Conforme projeto = 4,20 m² | D37: 4.2
B38: Almoxarifado: Conforme projeto = 4,62 m² | D38: 4.62
B39: WC PCD feminino: Conforme projeto = 3,79 m² | D39: 3.79
B40: WC PCD masculino: Conforme projeto = 3,79 m² | D40: 3.79
B41: WC feminino: Conforme projeto = 2,99 m² | D41: 2.99
B42: WC masculino: Conforme projeto = 2,99 m² | D42: 2.99
... B45: Circulação: Conforme projeto = 26,36 m² | D45: 26.36
B47: 10 | C47: =VLOOKUP(B47,'MEDIÇÃO 7'!$A$20:$C$199,2,0) -> PINTURA
B48: 10.3 | C48: =VLOOKUP(B48,'MEDIÇÃO 7'!$A$20:$C$199,2,0) -> SOBRE METAL
B49: 10.3.1 | C49: =VLOOKUP(B49,'MEDIÇÃO 7'!$A$20:$C$199,2,0) -> Pintura sobre metal, aplicação manual, com duas demãos de tinta esmalte sintético, referência suvinil, coral ou metalatex, inclusive uma demão de fundo anticorrosivo | D49: =VLOOKUP(B49,'MEDIÇÃO 7'!$A$20:$C$198,3,0) -> m2 | E49: =SUM(D50:D64) -> 38.72
B50: GRADES JANELAS
B51: Salão de atividades 01: 1,50 m x 1,10 m x 4 janelas x 2 (coeficiente) = 13,20 m² | D51: 13.2
B52: Sala de atividades 02: 1,50 m x 1,10 m x 1 janela x 2 (coeficiente) = 3,30 m² | D52: 3.3
B53: Atendimento individual: 1,50 m x 1,10 m x 1 janela x 2 (coeficiente) = 3,30 m² | D53: 3.3
B54: Circulação: 2,00 m x 1,10 m x 1 janela x 2 (coeficiente) = 4,40 m² | D54: 4.4
B55: Cozinha: 1,50 m x 1,10 m x 1 janela x 2 (coeficiente) = 3,30 m² | D55: 3.3
B56: Recepção: 1,50 m x 1,10 m x 1 janela x 2 (coeficiente) = 3,30 m² | D56: 3.3
B57: GRADES BÁSCULAS
B58: WC feminino: 0,60 m x 0,60 m x 1 janela x 2 (coeficiente) = 0,72 m² | D58: 0.72
B59: WC masculino: 0,60 m x 0,60 m x 1 janela x 2 (coeficiente) = 0,72 m² | D59: 0.72
B60: WC PCD feminino: 0,60 m x 0,60 m x 1 janela x 2 (coeficiente) = 0,72 m² | D60: 0.72
B61: WC PCD masculino: 0,60 m x 0,60 m x 1 janela x 2 (coeficiente) = 0,72 m² | D61: 0.72
B62: Despensa: 0,60 m x 0,60 m x 1 janela x 2 (coeficiente) = 0,72 m² | D62: 0.72
B63: Almoxarifado: 0,60 m x 0,60 m x 1 janela x 2 (coeficiente) = 0,72 m² | D63: 0.72
B64: Recepção: 0,60 m x 1,50 m x 2 janelas x 2 (coeficiente) = 3,60 m² | D64: 3.6
B65: 12 | C65: =VLOOKUP(B65,'MEDIÇÃO 7'!$A$20:$C$199,2,0) -> INSTALAÇÕES ELÉTRICAS
B66: 12.3 | C66: =VLOOKUP(B66,'MEDIÇÃO 7'!$A$20:$C$199,2,0) -> QUADRO DE DISTRIBUIÇÃO
B67: 12.3.1 | C67: =VLOOKUP(B67,'MEDIÇÃO 7'!$A$20:$C$199,2,0) -> Mini-disjuntor monopolar 10a, curva c, 5ka, 127/220vca, referência siemens, ge, schneider ou equivalente | D67: =VLOOKUP(B67,'MEDIÇÃO 7'!$A$20:$C$198,3,0) -> und | E67: =SUM(D68:D71) -> 4
B68: 1 – Iluminação interna | D68: 1
B69: 2 - Iluminação externa | D69: 1
B70: 3 - Iluminação de emergência | D70: 1
B71: 18 - Ventiladores de teto | D71: 1
B72: 12.3.2 | C72: =VLOOKUP(B72,'MEDIÇÃO 7'!$A$20:$C$199,2,0) -> Mini-disjuntor monopolar 16a, curva c, 5ka, 127/220vca, referência siemens, ge, schneider ou equivalente | D72: =VLOOKUP(B72,'MEDIÇÃO 7'!$A$20:$C$198,3,0) -> und | E72: =SUM(D72:D76) -> 1
B73: 9 - tomadas sala de atividades | D73: 1
B74: 10 - tomadas salão de atividades | D74: 1
B75: 11 - tomadas recepção/área externa | D75: 1
B76: OBS.: Saldo insuficiente, necessário aditivo | D76: -2
B77: 12.3.6 | C77: =VLOOKUP(B77,'MEDIÇÃO 7'!$A$20:$C$199,2,0) -> Mini-disjuntor bipolar 16a, curva c, 5ka, 127/220vca, referência siemens, ge, schneider ou equivalente | D77: =VLOOKUP(B77,'MEDIÇÃO 7'!$A$20:$C$198,3,0) -> und | E77: =SUM(D78:D81) -> 4
B78: 12 - tomadas Ar condicionado sala de atendimento individual | D78: 1
B79: 13 - tomadas Ar condicionado coordenação | D79: 1
B80: 16 - tomadas Ar condicionado recepção | D80: 1
B81: 17 - tomadas Ar condicionado área externa | D81: 1
B82: 12.3.7 | C82: =VLOOKUP(B82,'MEDIÇÃO 7'!$A$20:$C$199,2,0) -> Mini-disjuntor tripolar 90 a, curva c, 5ka, 127/220vca, referência siemens, ge, schneider ou equivalente | D82: =VLOOKUP(B82,'MEDIÇÃO 7'!$A$20:$C$198,3,0) -> und | E82: =D83 -> 1
B83: Disjuntor geral quadro | D83: 1
B84: 12.3.8 | C84: =VLOOKUP(B84,'MEDIÇÃO 7'!$A$20:$C$199,2,0) -> Interruptor diferencial bipolar dr 25a, 30ma ? 6ka, referência siemens, schneider, weg ou equivalente | D84: =VLOOKUP(B84,'MEDIÇÃO 7'!$A$20:$C$198,3,0) -> und | E84: =D85 -> 1
B85: 4 - tomadas banheiros | D85: 1
B86: 12.3.9 | C86: =VLOOKUP(B86,'MEDIÇÃO 7'!$A$20:$C$199,2,0) -> Interruptor diferencial bipolar dr 40a, 30ma ? 6ka, referência siemens, schneider, weg ou equivalente | D86: =VLOOKUP(B86,'MEDIÇÃO 7'!$A$20:$C$198,3,0) -> und | E86: =D87 -> 1
B87: 5 - tomadas cozinha | D87: 1
B88: 12.4 | C88: =VLOOKUP(B88,'MEDIÇÃO 7'!$A$20:$C$199,2,0) -> PONTOS ELÉTRICOS/ CABOS E ELETRODUTOS
B89: 12.4.1 | C89: =VLOOKUP(B89,'MEDIÇÃO 7'!$A$20:$C$199,2,0) -> Ponto padrão de luz no teto - considerando eletroduto pvc rígido de 3/4" inclusive conexões (4.5m), fio isolado pvc de 2.5mm2 (16.2m) e caixa pvc 4x4" (1 und) | D89: =VLOOKUP(B89,'MEDIÇÃO 7'!$A$20:$C$198,3,0) -> und | E89: =SUM(D90:D104) -> 27
B90: Salão de atividades 01: Conforme projeto = 4,00 und | D90: 4
B91: Sala de atividades 02: Conforme projeto = 2,00 und | D91: 2
B92: Atendimento individual: Conforme projeto = 2,00 und | D92: 2
B93: Coordenação: Conforme projeto = 1,00 und | D93: 1
B94: Área de serviço: Conforme projeto = 1,00 und | D94: 1
B95: Cozinha: Conforme projeto = 2,00 und | D95: 2
B96: Despensa: Conforme projeto = 1,00 und | D96: 1
B97: Almoxarifado: Conforme projeto = 1,00 und | D97: 1
B98: WC PCD feminino: Conforme projeto = 1,00 und | D98: 1
B99: WC PCD masculino: Conforme projeto = 1,00 und | D99: 1
B100: WC feminino: Conforme projeto = 1,00 und | D100: 1
B101: WC masculino: Conforme projeto = 1,00 und | D101: 1
... B104: Circulação: Conforme projeto = 5,00 und | D104: 5
B105: 12.4.2 | C105: =VLOOKUP(B105,'MEDIÇÃO 7'!$A$20:$C$199,2,0) -> Ponto padrão de luz na parede - considerando eletroduto pvc rígido de 3/4" inclusive conexões (4.5m), fio isolado pvc de 2.5mm2 (16.2m) e caixa pvc 4x2" (1 und) | D105: =VLOOKUP(B105,'MEDIÇÃO 7'!$A$20:$C$198,3,0) -> und | E105: 7
B106: Área externa: Conforme projeto = 7,00 und | D106: 7
B107: 12.4.3 | C107: =VLOOKUP(B107,'MEDIÇÃO 7'!$A$20:$C$199,2,0) -> Ponto padrão de tomada para ar refrigerado - considerando eletroduto pvc rígido de 3/4" inclusive conexões (6.0m), fio isolado pvc de 4.0mm2 (21.6m) e caixa pvc 4x2" (1 und) | D107: =VLOOKUP(B107,'MEDIÇÃO 7'!$A$20:$C$198,3,0) -> und | E107: =SUM(D108:D113) -> 6
B108: Salão de atividades 01: Conforme projeto = 1,00 und | D108: 1
B109: Sala de atividades 02: Conforme projeto = 1,00 und | D109: 1
B110: Atendimento individual: Conforme projeto = 1,00 und | D110: 1
B111: Coordenação: Conforme projeto = 1,00 und | D111: 1
B112: Recepção: Conforme projeto = 1,00 und | D112: 1
B113: Área externa: Conforme projeto = 1,00 und | D113: 1
B114: 12.4.4 | C114: =VLOOKUP(B114,'MEDIÇÃO 7'!$A$20:$C$199,2,0) -> Ponto padrão de interruptor de 1 tecla paralelo - considerando eletroduto pvc rígido de 3/4" inclusive conexões (8.5m), fio isolado pvc de 2.5mm2 (28.8m) e caixa pvc 4x2" (1 und) | D114: =VLOOKUP(B114,'MEDIÇÃO 7'!$A$20:$C$198,3,0) -> und | E114: =SUM(D115:D117) -> 10
B115: Salão de atividades 01: 2,00 und | D115: 2
...
